 Dungeon Crawl Stone Soup version 0.28-a0-247-gb8bfbab023 (webtiles) character file.

Game seed: 14693128717114411925

240 robertstho the Magician (level 6, -11/42 HPs)
             Began as a Djinni Fire Elementalist on Aug 25, 2021.
             Killed by divine providence
             ... invoked by an orc priest
              (14 damage)
             ... on level 3 of the Dungeon.
             The game lasted 00:05:32 (5027 turns).

robertstho the Magician (Djinni Fire Elementalist)  Turns: 5027, Time: 00:05:32

Health: -11/42     AC:  2    Str:  7    XL:     6   Next: 30%
Gold:   117        EV:  9    Int: 18    God:
                   SH:  8    Dex: 14

rFire   + + +      SeeInvis .   c - +1 short sword (venom)
rCold   . . .      Faith    .   h - +0 kite shield
rNeg    . . .      Spirit   .   a - +0 robe
rPois   ∞          Reflect  .   (no helmet)
rElec   +          Harm     .   (no cloak)
rCorr   +          Rampage  .   (no gloves)
Will    +....                   (boots unavailable)
Stlth   ++........              (no amulet)
HPRegen 0.14/turn               f - ring of willpower
MPRegen 0.00/turn               (no ring)

@: resistant, flying
A: sickness immunity, fire resistance 2, cold vulnerability 1, float, innate
caster, hp casting, extra vitality 1
a: no special abilities


You were on level 3 of the Dungeon.
You visited 1 branch of the dungeon, and saw 3 of its levels.

You collected 117 gold pieces.

Inventory:

Hand Weapons
 c - a +1 short sword of venom (weapon)
 n - a +2 falchion of holy wrath
Armour
 a - a +0 robe (worn)
 h - a +0 kite shield (worn)
Jewellery
 f - a ring of willpower (left hand)
Scrolls
 d - 2 scrolls of fog
 e - a scroll of enchant armour
Potions
 b - a potion of berserk rage {unknown}
 g - a potion of might {unknown}
 i - a potion of heal wounds {unknown}
 j - a potion of cancellation {unknown}
 m - a potion of mutation {unknown}


   Skills:
 * Level 1.5 Fighting
 + Level 2.3 Dodging
 + Level 1.7 Stealth
 + Level 1.5 Shields
 * Level 4.5 Spellcasting


You couldn't memorise any spells.
You knew the following spells:

 Your Spells              Type           Power      Damage    Failure   Level
a - Foxfire               Conj/Fire      80%        2x1d8     12%         1
b - Conjure Flame         Conj/Fire      20%        6-21      36%         3
c - Inner Flame           Hex/Fire       20%        N/A       36%         3
d - Sticky Flame          Conj/Fire      20%        2d4       77%         4
e - Fireball              Conj/Fire      10%        3d6       98%         5
f - Beastly Appendage     Tmut           40%        N/A       12%         1
g - Wereblood             Tmut           20%        N/A       19%         2
Your spell library was empty.

Dungeon Overview and Level Annotations

Branches:
Dungeon (3/15)

Altars:
Fedhas
Wu Jian

Shops:
D:3 [


Innate Abilities, Weirdness & Mutations

You are immune to sickness and miasma.
You are immune to poison.
Your flesh is very heat resistant. (rF++)
You are vulnerable to cold. (rC-)
You float through the air rather than walking.
You learn spells naturally, not from books.
Your magical power is your life essence.
You have superior vitality. (+4 HP)


Message History

Casting: Foxfire (safe; 12% risk of failure)
Confirm with . or Enter, or press ? or * to list all spells.
Okay, then.
You aren't carrying any items that you can evoke.
Unknown command.
Casting: Foxfire (safe; 12% risk of failure)
Press: ? - help, Q - select action, (/) - cycle Dir - look around, f - activate You conjure some foxfire!
Something hits you.
Unknown command.
Casting: Foxfire (safe; 12% risk of failure)
Press: ? - help, Q - select action, (/) - cycle Dir - look around, f - activate You conjure some foxfire!
The foxfire hits something but does no damage.
The foxfire hits something.
Something hits you.
The foxfire hits the orc!
You kill the orc!
Casting: Foxfire (safe; 12% risk of failure)
Press: ? - help, Q - select action, (/) - cycle Dir - look around, f - activate You conjure some foxfire!
You hear some strange, mumbled words.
Something tries to affect you, but you resist.
The orc hits you with a +0 war axe!
* * * LOW HITPOINT WARNING * * *
The orc barely misses your foxfire.
Casting: Foxfire (safe; 12% risk of failure)
Press: ? - help, Q - select action, (/) - cycle Dir - look around, f - activate You conjure some foxfire!
* * * LOW HITPOINT WARNING * * *
The foxfire hits the orc.
The orc is severely wounded.
The foxfire hits the orc.
You kill the orc!
Something hits you.
* * * LOW HITPOINT WARNING * * *
It was a potion of resistance.
You feel protected.
The foxfire hits something.
The orc priest mumbles some strange prayers to Beogh against you.
Beogh smites you!
You die...

.# #.# .# #.# .# #.# .#
#######.######. .#
.......)..)o... .# #.# #
.###############o# .#.#.
...............).#......
......†........o@{....#
.###############§#..#.#
.# #.#..# .# #.# ... .#
#.# .#.# .# #.# #.# .#
#.# # .# ...


You could see an orc priest and an orc.

Vanquished Creatures
  2 orc priests (D:3)
  An orc wizard (D:3)
  A hound skeleton (D:2)
  2 gnolls (D:3)
  3 adders
  2 worms (D:3)
  5 dart slugs
  11 orcs (D:3)
  10 endoplasms
  3 giant cockroaches (D:1)
  5 goblins
  4 hobgoblins
  7 kobolds
  3 quokkas
  5 ball pythons
  5 bats
  3 frilled lizards
  3 rats
75 creatures vanquished.

Vanquished Creatures (others)
  307 foxfires
307 creatures vanquished.

Grand Total: 382 creatures vanquished

Notes
Turn   | Place    | Note
-------+----------+-------------------------------------------
     0 | D:1      | robertstho the Djinni Fire Elementalist began the quest for
                  | the Orb.
     0 | D:1      | Reached XP level 1. HP: 15/15 MP: 0/0
   192 | D:1      | Found a faded altar of an unknown god.
   376 | D:1      | Reached XP level 2. HP: 17/22 MP: 0/0
   901 | D:1      | Reached skill level 3 in Spellcasting
  1059 | D:1      | Reached XP level 3. HP: 23/26 MP: 0/0
  1059 | D:1      | Learned a level 1 spell: Beastly Appendage
  2093 | D:2      | Reached skill level 1 in Fighting
  2093 | D:2      | Reached XP level 4. HP: 15/32 MP: 0/0
  3581 | D:3      | Found Ittohik's Armour Boutique.
  4057 | D:3      | Found an ornate altar of the Wu Jian Council.
  4059 | D:3      | Found a blossoming altar of Fedhas.
  4123 | D:3      | Reached XP level 5. HP: 35/37 MP: 0/0
  4123 | D:3      | Learned a level 2 spell: Wereblood
  4191 | D:3      | Reached skill level 1 in Shields
  4471 | D:3      | Reached skill level 4 in Spellcasting
  5011 | D:3      | Reached XP level 6. HP: 21/42 MP: 0/0
  5027 | D:3      | Killed from afar by an orc priest

Illustrated notes

Levels and vault maps discovered:
D:1:      co_arrival_random_square_maze, layout_basic,
          hellmonk_ecumenical_altar_pennies_from_heaven, hex_large
D:2:      layout_loops_ring, minmay_goblin_kobold_house
D:3:      layout_basic, nicolae_overflow_hidden_temple, serial_shops, shop,
          nrook_uturn

Skill      XL: |  1  2  3  4  5 |
---------------+----------------+-----
Spellcasting   | 3 4 |  4.5
Fighting       | 1 |  1.5
Shields        | 1 |  1.5
Dodging        | |  2.3
Stealth        | |  1.7

Action                   |  1- 3 |  4- 6 || total
-------------------------+-------+-------++-------
Melee: Short sword       |    15 |     1 ||    16
 Cast: Foxfire           |    86 |   105 ||   191
  Use: Scroll            |     3 |     3 ||     6
       Potion            |       |     3 ||     3
Armor: Robe              |     5 |     5 ||    10
Dodge: Dodged            |     6 |    10 ||    16
Block: Kite shield       |     5 |     9 ||    14

Table legend: (Time is in decaauts)
 A = Elapsed time spent in this place.
 B = Non-inter-level travel time spent in this place.
 C = Inter-level travel time spent in this place.
 D = Time resting spent in this place.
 E = Time spent auto-exploring this place.
 F = Levels seen in this place.
 G = Mean time per level.
                   A        B        C        D        E       F      G
               +--------+--------+--------+--------+--------+-----+--------+
         Total |   5031 |   4933 |     98 |    237 |   4161 |   3 | 1677.0 |
       Dungeon |   5031 |   4933 |     98 |    237 |   4161 |   3 | 1677.0 |
               +--------+--------+--------+--------+--------+-----+--------+

Top non-repeatable levels by time:
     D:1: 1863 daAuts
     D:3: 1806 daAuts
     D:2: 1362 daAuts
